 Dungeon Crawl Stone Soup version 0.27-a0-1200-g94dc6ad4cf (webtiles) character file.

Game seed: 4802336099005134996

129 freelancePsychic the Skirmisher (level 4, 0/35 HPs)
             Began as a Demonspawn Wanderer on May 31, 2021.
             Was a Believer of Yredelemnul.
             Slain by an ufetubus (4 damage)
             ... on level 3 of the Dungeon.
             The game lasted 00:04:15 (2583 turns).

freelancePsychic the Skirmisher (DsWn)              Turns: 2583, Time: 00:04:15

Health: 0/35       AC:  4    Str: 13    XL:     4   Next: 88%
Magic:  6/6        EV: 11    Int: 13    God:    Yredelemnul [**....]
Gold:   79         SH:  0    Dex: 13    Spells: 3/3 levels left

rFire    . . .     SeeInvis .   a - +2 shortbow
rCold    . . .     Faith    .   (shield currently unavailable)
rNeg     . . .     Spirit   .   p - +1 leather armour
rPois    .         Reflect  .   (no helmet)
rElec    .         Harm     .   (no cloak)
rCorr    .         Rampage  .   (no gloves)
Will     .....                  (no boots)
Stlth    +.........             (no amulet)
HPRegen  0.11/turn              (no ring)
MPRegen  0.10/turn              (no ring)

@: no status effects
A: hooves 1
a: Renounce Religion, Animate Remains, Recall Undead Slaves, Injury Mirror


You were on level 3 of the Dungeon.
You worshipped Yredelemnul.
Yredelemnul was pleased with you.
You visited 1 branch of the dungeon, and saw 4 of its levels.

You collected 79 gold pieces.

Inventory:

Hand Weapons
 a - a +2 shortbow (weapon)
 c - a +0 hand axe
Missiles
 b - 16 arrows (quivered ammo)
Armour
 e - a +0 robe
 h - a +0 plate armour
 p - a +1 leather armour (worn)
Jewellery
 g - a ring of ice
Scrolls
 d - a scroll of teleportation {@r4}
Potions
 f - a potion of mutation {unknown}
 i - a potion of curing {unknown}
 j - 2 potions of attraction {unknown}
 k - a potion of invisibility {unknown}
 n - a potion of lignification {unknown}
 o - a potion of degeneration {unknown}


   Skills:
 + Level 3.4 Fighting
 * Level 1.6 Axes
 - Level 2.0 Bows
 - Level 1.7 Dodging
 - Level 1.0 Stealth
 - Level 2.6 Unarmed Combat
 + Level 2.7 Invocations
 - Level 1.0 Evocations


You had 3 spell levels left.
You didn't know any spells.
Your spell library was empty.

Dungeon Overview and Level Annotations

Branches:
Dungeon (4/15)
 Temple: D:4-7

Altars:
Xom
Yredelemnul

Shops:
D:2 (


Innate Abilities, Weirdness & Mutations

You have large cloven feet.


Message History

The arrow hits the orc!
You kill the orc!
Yredelemnul accepts your kill. Something hits you.
You shoot an arrow. Something hits you but does no damage.
An orc comes into view. It is wielding a +0 dagger.
Something hits you.
You shoot an arrow. The arrow misses the ufetubus.
Something hits you.
You shoot an arrow.
The arrow hits the ufetubus but does no damage.
The ufetubus hits you. The ufetubus barely misses you.
Something hits you but does no damage.
Fire: 17 arrows
Press: ? - help, Q - select action, (/) - cycle Shift-Dir - straight line, p - ufetubus You shoot an arrow.
The ufetubus hits you. The ufetubus barely misses you.
The ufetubus closely misses you. The ufetubus barely misses you.
Something hits you. The ufetubus hits you. The ufetubus barely misses you.
The ufetubus hits you but does no damage.
The ufetubus barely misses you. The ufetubus barely misses you.
The ufetubus hits you but does no damage.
Something hits you but does no damage.
There is a stone staircase leading up here.
The ufetubus hits you but does no damage.
The ufetubus barely misses you.
You hear some strange, mumbled words.
A puff of flame appears from out of thin air!
The puff of flame hits you!
* * * LOW HITPOINT WARNING * * *
You climb upwards.
Reactivating autopickup.
There is a stone staircase leading down here.
Deactivating autopickup; reactivate with Ctrl-A.
You closely miss something. The ufetubus hits you.
* * * LOW HITPOINT WARNING * * *
The ufetubus hits you.
You die...
Your body rises from the dead as a mindless zombie.

.########...........'......#
.......##......#.####......#
.#####.##....#.#.# #......#
.....#.##....#...# ##......######
..##.#.##....##..# #.............
....<#.##....##..# #.......######
...#....+....##..# #.............
.#...#.##....###5# #.......#.....
........+....'..@# #.#'###.#.###.
#......##....#######.#.###.#.# #.
#..#.....####............#.#.# #.
..............รท.####.#.#.#.#.#
#. ...#..........#.####.#.#.#.#.#
#.
...#####..........##.#.#.#.#.###.
.........######.#.##.#.#.#.......
..........#.....#.##.#.#.#...###.
##.#####..#.###.#.##.#.#.#.#.# #.


You could see an ufetubus.

Vanquished Creatures
  An orc priest (D:3)
  4 adders
  A gnoll (D:1)
  2 dart slugs
  3 orcs
  A ball python (D:2)
  8 endoplasms
  A giant cockroach (D:1)
  6 goblins
  3 hobgoblins
  4 jackals (D:1)
  4 kobolds
  A quokka (D:2)
  A bat (D:3)
  3 frilled lizards (D:1)
  4 rats
47 creatures vanquished.

Notes
Turn   | Place    | Note
-------+----------+-------------------------------------------
     0 | D:1      | freelancePsychic the Demonspawn Wanderer began the quest
                  | for the Orb.
     0 | D:1      | freelancePsychic set off with the following items: a +2
                  | shortbow, 27 arrows, a +0 hand axe, a scroll of
                  | teleportation {@r4}, a +0 robe
     0 | D:1      | Reached XP level 1. HP: 16/16 MP: 1/1
   119 | D:1      | Gained mutation: You have large cloven feet. [demonic
                  | ancestry]
   119 | D:1      | Reached XP level 2. HP: 14/23 MP: 2/2
   361 | D:1      | Found a faded altar of an unknown god.
   393 | D:1      | Became a worshipper of Yredelemnul the Dark
   393 | D:1      | Reached * piety under Yredelemnul
   757 | D:1      | Reached skill level 1 in Invocations
   757 | D:1      | Reached XP level 3. HP: 28/28 MP: 3/3
  1032 | D:2      | Reached skill level 3 in Fighting
  1063 | D:2      | Reached ** piety under Yredelemnul
  1193 | D:2      | Found Umukhluiqu's Weapon Shoppe.
  1414 | D:3      | Reached XP level 4. HP: 26/35 MP: 5/5
  1757 | D:3      | Reached skill level 1 in Axes
  2077 | D:3      | Found a shimmering altar of Xom.
  2583 | D:3      | Slain by an ufetubus

Illustrated notes

Levels and vault maps discovered:
D:1:      minmay_arrival_widening_spiral_wide, layout_basic,
          basic_ecumenical_altar, feat_on_display
D:2:      layout_rooms, serial_shops, shop, chequers_serial_rivers_micro_a
D:3:      layout_basic, xom_teletrap_fun
D:4:      layout_cave_pools, gammafunk_temple_of_torment

Skill      XL: |  1  2  3  4 |
---------------+-------------+-----
Bows           | 2 |  2.0
Invocations    | 1 2 |  2.7
Fighting       | 3 |  3.4
Axes           | 1 |  1.6
Dodging        | |  1.7
Stealth        | |  1.0
Unarmed Combat | |  2.6
Evocations     | |  1.0

Action                   |  1- 3 |  4- 6 || total
-------------------------+-------+-------++-------
Melee: Shortbow          |       |     1 ||     1
 Fire: Shortbow          |    83 |    43 ||   126
  Use: Scroll            |       |     2 ||     2
Armor: Robe              |     2 |     1 ||     3
       Leather armour    |       |     6 ||     6
Dodge: Dodged            |    21 |    10 ||    31

Table legend: (Time is in decaauts)
 A = Elapsed time spent in this place.
 B = Non-inter-level travel time spent in this place.
 C = Inter-level travel time spent in this place.
 D = Time resting spent in this place.
 E = Time spent auto-exploring this place.
 F = Levels seen in this place.
 G = Mean time per level.
                   A        B        C        D        E       F      G
               +--------+--------+--------+--------+--------+-----+--------+
         Total |   2608 |   2525 |     83 |      0 |   2240 |   4 |  652.0 |
       Dungeon |   2608 |   2525 |     83 |      0 |   2240 |   4 |  652.0 |
               +--------+--------+--------+--------+--------+-----+--------+

Top non-repeatable levels by time:
     D:3: 1184 daAuts
     D:1: 942 daAuts
     D:2: 418 daAuts
     D:4: 63 daAuts
